 Dungeon Crawl Stone Soup version 0.29-a0-334-gb41bcbb86e (webtiles) character file.

Game seed: 14476612456067281560

148 KateM the Chopper (level 5, 0/70 HPs)
             Began as a Minotaur Fighter on Apr 15, 2022.
             Killed from afar by a dart slug (4 damage)
             ... with a slug dart
             ... on level 2 of the Dungeon.
             The game lasted 00:01:15 (1638 turns).

KateM the Chopper (Minotaur Fighter)                Turns: 1638, Time: 00:01:15

Health: 0/70       AC: 22    Str: 20 (23) XL:     5   Next: 8%
Magic:  4/4        EV:  2    Int:  3 (5)  God:
Gold:   151        SH:  4    Dex:  6 (9)  Spells: 4/4 levels left

rFire   . . .      SeeInvis .   a - +0 war axe
rCold   . . .      Faith    .   c - +0 buckler
rNeg    . . .      Spirit   .   (body armour currently unavailable)
rPois   +          Reflect  .   (helmet currently unavailable)
rElec   .          Harm     .   (cloak currently unavailable)
rCorr   .          Rampage  .   (gloves currently unavailable)
Will    .....      NoTele   +   (boots currently unavailable)
Stlth   +.........              (no amulet)
HPRegen 0.21/turn               (no ring)
MPRegen 0.09/turn               (no ring)

@: tree-form
A: stationary, stasis, torment immunity, boosted hp, (horns 2), (retaliatory
headbutt)
a: no special abilities


You were on level 2 of the Dungeon.
You were a tree.
You visited 1 branch of the dungeon, and saw 2 of its levels.

You collected 151 gold pieces.

Inventory:

Hand Weapons
 a - a +0 war axe (weapon)
Armour
 b - a +0 scale mail (melded)
 c - a +0 buckler (worn)
Scrolls
 g - a scroll of acquirement {unknown}
 h - a scroll of torment {unknown}
 j - 4 scrolls of identify {unknown}
 k - 2 scrolls of teleportation {unknown}
 l - a scroll of summoning {unknown}
 m - a scroll of immolation {unknown}
Potions
 d - 3 potions of might
 e - 2 potions of degeneration
 f - a potion of lignification
 i - a potion of attraction {unknown}
 n - 2 potions of resistance


   Skills:
 + Level 4.7 Fighting
 * Level 4.8 Axes
 + Level 4.7 Armour
 - Level 3.6 Shields


You had 4 spell levels left.
You didn't know any spells.
Your spell library was empty.

Dungeon Overview and Level Annotations

Branches:
Dungeon (2/15)

Altars:

Annotations:
D:2 Robin


Innate Abilities, Weirdness & Mutations

You are a tree.
Your roots penetrate the ground, keeping you stationary.
You cannot be teleported.
You are immune to unholy pain and torment.
Your maximum health is greatly increased.
Your equipment is partially melded.
((You have a pair of horns on your head.))
((You reflexively headbutt those who attack you in melee.))


Message History

You feel sick. The hobgoblin hits you.
* * * LOW HITPOINT WARNING * * *
Robin barely misses you. You furiously retaliate!
You headbutt Robin, but do no damage. The goblin barely misses you.
You furiously retaliate!
You headbutt the goblin!
You kill the goblin!
The hobgoblin hits you but does no damage.
You block Robin's attack.
You closely miss Robin.
Robin is heavily wounded.
You hit the hobgoblin but do no damage.
You feel sick. The dart slug launches a dart at you. You block the slug dart.
The hobgoblin hits you.
* * * LOW HITPOINT WARNING * * *
Robin hits you with a +0 club.
* * * LOW HITPOINT WARNING * * *
You completely miss Robin. You headbutt Robin.
Robin is almost dead.
You closely miss the hobgoblin.
You feel sick.
The hobgoblin hits you but does no damage.
You block Robin's attack.
It was a potion of degeneration.
There was something very wrong with that liquid.
You feel weakened.
You feel dopey.
You feel clumsy.
You feel sick.
You are no longer poisoned.
The hobgoblin hits you but does no damage.
Robin barely misses you. You furiously retaliate!
You headbutt Robin. The dart slug launches a dart at you.
The slug dart hits you.
* * * LOW HITPOINT WARNING * * *
It was a potion of lignification.
You turn into a tree.
Your +0 scale mail melds into your body.
Your roots penetrate the ground.
The hobgoblin no longer looks unusually strong.
The hobgoblin hits you but does no damage.
You block Robin's attack. The dart slug launches a dart at you.
The slug dart hits you.
You die...

#. #...............
###..#.......(.......
#..#.#...............
#..#.#...............
#..#.................
#..#.................
#..#...####.))g......
##..#........)♣g......
###........######)<.....
........†.........w.....
#####...................
###.......##........
#.......# .......
#.......# .......
#####'### ....... .#


You could see Robin, a dart slug and a hobgoblin.

Vanquished Creatures
  Natasha (thrice) (D:2)
  An adder (D:2)
  A worm (D:2)
  A dart slug (D:2)
  3 bats (D:2)
  4 endoplasms
  3 giant cockroaches
  15 goblins
  11 hobgoblins
  5 kobolds
  A quokka (D:1)
  2 ball pythons
  2 frilled lizards (D:2)
  2 rats (D:2)
54 creatures vanquished.

Notes
Turn   | Place    | Note
-------+----------+-------------------------------------------
     0 | D:1      | KateM the Minotaur Fighter began the quest for the Orb.
     0 | D:1      | Reached XP level 1. HP: 19/19 MP: 0/0
   544 | D:1      | Reached XP level 2. HP: 27/27 MP: 1/1
  1120 | D:2      | Reached XP level 3. HP: 27/33 MP: 2/2
  1210 | D:2      | Noticed Natasha
  1217 | D:2      | Killed Natasha
  1337 | D:2      | Reached XP level 4. HP: 40/40 MP: 3/3
  1571 | D:2      | Noticed Natasha
  1576 | D:2      | Killed Natasha
  1588 | D:2      | Noticed Natasha
  1593 | D:2      | Killed Natasha
  1623 | D:2      | Noticed Robin
  1629 | D:2      | Reached XP level 5. HP: 39/47 MP: 4/4
  1637 | D:2      | HP: 2/47 [dart slug/slug dart (2)]
  1638 | D:2      | Killed from afar by a dart slug

Illustrated notes

Levels and vault maps discovered:
D:1:      lemuel_arrival_funnel, layout_basic
D:2:      minmay_thinvault, layout_basic, basic_altar, chequers_jeans,
          uniq_natasha, uniq_robin

Skill      XL: |  1  2  3 |
---------------+----------+-----
Axes           | 3 4 |  4.8
Fighting       | 4 |  4.7
Armour         | 4 |  4.7
Shields        | |  3.6

Action                   |  1- 3 |  4- 6 || total
-------------------------+-------+-------++-------
Melee: War axe           |    62 |    33 ||    95
       Headbutt          |     3 |     5 ||     8
  Use: Potion            |       |     2 ||     2
Armor: Scale mail        |    25 |    18 ||    43
       Skin              |       |     1 ||     1
Dodge: Dodged            |    27 |    15 ||    42
Block: Buckler           |    15 |    16 ||    31

Table legend: (Time is in decaauts)
 A = Elapsed time spent in this place.
 B = Non-inter-level travel time spent in this place.
 C = Inter-level travel time spent in this place.
 D = Time resting spent in this place.
 E = Time spent auto-exploring this place.
 F = Levels seen in this place.
 G = Mean time per level.
                   A        B        C        D        E       F      G
               +--------+--------+--------+--------+--------+-----+--------+
         Total |   1684 |   1684 |      0 |      0 |   1413 |   2 |  842.0 |
       Dungeon |   1684 |   1684 |      0 |      0 |   1413 |   2 |  842.0 |
               +--------+--------+--------+--------+--------+-----+--------+

Top non-repeatable levels by time:
     D:1: 944 daAuts
     D:2: 740 daAuts
